 Dungeon Crawl Stone Soup version 0.25.1-1-g288607f5aa (webtiles) character file.

Game seed: 17594740087524135942

19 Maadim the Sneak (level 2, -3/15 HPs)
             Began as a Vine Stalker Assassin on July 27, 2020.
             Killed from afar by a dart slug (4 damage)
             ... with a slug dart
             ... on level 1 of the Dungeon.
             The game lasted 00:04:44 (1660 turns).

Maadim the Sneak (Vine Stalker Assassin)            Turns: 1660, Time: 00:04:45

Health: -3/15      AC:  3    Str: 13    XL:     2   Next: 75%
Magic:  0/3        EV: 12    Int: 11    God:
Gold:   28         SH:  0    Dex: 15    Spells: 1/1 levels left

rFire    . . .     SeeInvis .   a - +2 dagger
rCold    . . .     Gourm    .   (no shield)
rNeg     . . .     Faith    .   b - +0 robe
rPois    .         Spirit   +   (no helmet)
rElec    .         Reflect  .   c - +0 cloak
rCorr    .         Harm     .   (no gloves)
MR       .....                  (no boots)
Stlth    +++.......             (no amulet)
HPRegen  0.05/turn              (no ring)
MPRegen  0.08/turn              (no ring)

@: lethally poisoned (-3 -> -9)
A: fangs 2, magic shield, antimagic bite, no potion heal 3, rot immunity
a: no special abilities


You were on level 1 of the Dungeon.
You were not hungry.

You visited 1 branch of the dungeon, and saw 2 of its levels.

You collected 28 gold pieces.

Inventory:

Hand Weapons
 a - a +2 dagger (weapon)
Missiles
 d - 8 poisoned darts (quivered)
 e - 2 curare-tipped darts
Armour
 b - a +0 robe (worn)
 c - a +0 cloak (worn)
Jewellery
 h - an uncursed ring of stealth {unknown}
Scrolls
 g - a scroll of identify {unknown}
 i - a scroll of blinking {unknown}
 j - 3 scrolls of remove curse {unknown}
 l - a scroll of enchant armour {unknown}
 m - a scroll of teleportation {unknown}
Potions
 k - a potion of cancellation {unknown}
 o - a potion of lignification {unknown}
Comestibles
 f - a ration
 n - a chunk of flesh


   Skills:
 + Level 1.8 Fighting
 + Level 1.9 Short Blades
 + Level 2.0 Throwing
 + Level 0.9 Dodging
 + Level 5.4 Stealth


You had one spell level left.
You didn't know any spells.
Your spell library was empty.

Dungeon Overview and Level Annotations

Branches:
Dungeon (2/15)

Altars:


Innate Abilities, Weirdness & Mutations

You have extremely sharp teeth.
When hurt, damage is shared between your health and your magic reserves.
Your bite disrupts and absorbs the magic of your enemies.
Potions cannot restore your health.
You are immune to rotting.


Message History

The leopard gecko barely misses you. The adder bites you.
You climb upwards.
There is a stone staircase leading down here.
You hit the leopard gecko.
The leopard gecko is heavily wounded.
The leopard gecko bites you but does no damage.
The adder bites you. The dart slug bites you.
* * * LOW HITPOINT WARNING * * *
You hit the dart slug.
The dart slug is lightly wounded.
The leopard gecko barely misses you. The adder bites you.
* * * LOW HITPOINT WARNING * * *
You are lethally poisoned!
The adder poisons you!
* * * LOW HITPOINT WARNING * * *
You feel sick. The adder bites you but does no damage.
The leopard gecko barely misses you. The dart slug launches a dart at you.
The slug dart hits you.
You die...

##............##.
##....).........
##############.##........
#........^# #..##........
#......>..###..##...♣....
#.......................#
#.........###..###....###
#.........###..##.....#..
#####.##@l.##..##....##.#
#.##>S..........'#..#
#.##.w.#...###..#..##
#..#...##......#####.
##.######..###.#...#.
#..#####..#...#.#.#.
##....##......'.#.#.
####.##..#...###.#.
#.##..#...# #...


You could see an adder, a dart slug and a leopard gecko.

Vanquished Creatures
  A leopard gecko (D:1)
  A ball python (D:1)
  A giant cockroach (D:1)
  4 hobgoblins (D:1)
  3 kobolds (D:1)
  3 bats (D:1)
  A goblin (D:1)
  3 rats (D:1)
17 creatures vanquished.

Notes
Turn   | Place    | Note
-------+----------+-------------------------------------------
     0 | D:1      | Maadim the Vine Stalker Assassin began the quest for the
                  | Orb.
     0 | D:1      | Reached XP level 1. HP: 11/11 MP: 2/2
   224 | D:1      | Reached skill level 5 in Stealth
   234 | D:1      | Reached XP level 2. HP: 15/15 MP: 0/3
  1660 | D:1      | Killed from afar by a dart slug

Illustrated notes

Levels and vault maps discovered:
D:1:      nicolae_arrival_somewhat_less_tricky_arrival, layout_rooms
D:2:      layout_rooms, minmay_fractal_squares_gapless_5, uniq_terence,
          uniq_sigmund

Skill      XL: |  1 |
---------------+----+-----
Throwing       | 2 |  2.0
Stealth        | 5 |  5.4
Fighting       | |  1.8
Short Blades   | |  1.9
Dodging        | |  0.9

Action                   || total
-------------------------++-------
Melee: Dagger            ||    43
       Bite              ||     8
 Stab: Sleeping          ||     5
  Eat: Ration            ||     1
Armor: Robe              ||     9
Dodge: Dodged            ||    28
